 Dungeon Crawl Stone Soup version 0.30-a0-920-g7493c07aab (webtiles) character file.

Game seed: 344370070815331766

16471 jasper the Geomancer (level 12, -4/88 HPs)
             Began as a Demonspawn Earth Elementalist on Mar 21, 2023.
             Was a High Priest of Vehumet.
             Shot with an arrow by a centaur warrior (11 damage)
             ... on level 11 of the Dungeon.
             The game lasted 00:18:08 (12447 turns).

jasper the Geomancer (DsEE)                        Turns: 12447, Time: 00:18:09

Health: -4/88      AC: 17    Str:  9    XL:     12   Next: 10%
Magic:  22/24      EV: 17    Int: 26    God:    Vehumet [*****.]
Gold:   515        SH:  5    Dex: 15    Spells: 15/27 levels left

rFire   + . .      SeeInvis .    Y - +8 Vampire's Tooth {megavamp}
rCold   . . .      Faith    .    v - +0 buckler
rNeg    . . .      Spirit   .    s - +0 troll leather armour
rPois   .          Reflect  .    C - +2 helmet
rElec   .          Rampage  .    (no cloak)
rCorr   .                        x - +0 pair of gloves
Will    .....                    (no boots)
Stlth   ++                       (no amulet)
HPRegen 1.14/turn                S - +4 ring of protection
MPRegen 0.19/turn                Z - +6 ring of intelligence

@: mighty, agile
A: hooves 1, molten scales 3, powered by pain 1, spiny 1
a: Renounce Religion


You were on level 11 of the Dungeon.
You worshipped Vehumet.
Vehumet was extremely pleased with you.
You visited 2 branches of the dungeon, and saw 12 of its levels.

You collected 603 gold pieces.
You spent 88 gold pieces at shops.

Inventory:

Hand Weapons
 Y - the +8 Vampire's Tooth (weapon) {megavamp}
   (You found it on level 9 of the Dungeon)
Missiles
 e - 91 stones
 n - 13 boomerangs
 q - 8 atropa-tipped darts
 u - 96 poisoned darts
 R - 3 curare-tipped darts
Armour
 a - a +1 robe
 s - a +0 troll leather armour (worn)
 v - a +0 buckler (worn)
 x - a +0 pair of gloves (worn)
 C - a +2 helmet (worn)
Jewellery
 h - a ring of see invisible
 D - a ring of wizardry
 O - a ring of positive energy
 S - a +4 ring of protection (left hand)
 T - a ring of flight
 X - a ring of poison resistance
 Z - a +6 ring of intelligence (right hand)
Wands
 t - a wand of paralysis (4)
 w - a wand of polymorph (11)
 z - a wand of flame (17)
 G - a wand of roots (29)
 M - a wand of mindburst (11)
 V - a wand of quicksilver (2)
Scrolls
 d - 4 scrolls of enchant armour
 m - 2 scrolls of noise
 o - a scroll of brand weapon {unknown}
 p - 6 scrolls of identify
 y - 3 scrolls of vulnerability
 B - a scroll of fog
 F - 2 scrolls of butterflies
 J - 3 scrolls of teleportation
 L - a scroll of amnesia
 N - 2 scrolls of immolation {unknown}
 P - a scroll of fear {unknown}
 W - a scroll of silence {unknown}
Potions
 b - 2 potions of magic
 c - 5 potions of attraction
 f - 2 potions of haste
 g - a potion of flight
 j - 2 potions of might
 k - 3 potions of degeneration
 l - 4 potions of curing
 r - a potion of invisibility {unknown}
 A - a potion of cancellation {unknown}
 H - a potion of mutation {unknown}
 I - 2 potions of resistance {unknown}
 K - 3 potions of brilliance {unknown}
 Q - 2 potions of berserk rage {unknown}
Miscellaneous
 U - a phantom mirror (inert)


   Skills:
 - Level 6.2 Fighting
 + Level 5.1 Armour
 - Level 2.9 Dodging
 - Level 1.7 Stealth
 - Level 4.0 Shields
 - Level 8.4 Spellcasting
 - Level 6.0 Conjurations
 - Level 6.0 Necromancy
 - Level 0.8 Transmutations
 - Level 2.0 Air Magic
 - Level 10.0 Earth Magic
 - Level 6.0 Evocations


You had 15 spell levels left.
You knew the following spells:

 Your Spells              Type           Power      Damage    Failure   Level
a - Sandblast             Erth           100%       2d20      1%          1
b - Passwall              Tmut/Erth      32%        N/A       1%          2
c - Stone Arrow           Conj/Erth      100%       3d13      1%          3
d - Sublimation of Blood  Necr           42%        N/A       1%          2
e - Apportation           Tloc           20%        N/A       10%         1
f - Swiftness             Air            21%        N/A       12%         3

Your spell library contained the following spells:

 Spells                   Type           Power      Damage    Failure   Level
 Arcjolt                  Conj/Air       15%        1d25      13%         5
 Necrotise                Necr           100%       1d9       1%          1
 Scorch                   Fire           20%        2d6       4%          2
 Kindle Blastsparks       Fire/Tloc/Air  28%        2d12      6%          3
 Ignite Poison            Fire/Tmut/Pois 12%        N/A       7%          3
 Flame Wave               Conj/Fire      26%        2d8       7%          4
 Summon Small Mammal      Summ           40%        N/A       10%         1
 Wereblood                Tmut           15%        N/A       10%         2
 Petrify                  Tmut/Erth      39%        N/A       10%         4
 Ensorcelled Hibernation  Hex/Ice        20%        N/A       14%         2
 Freezing Cloud           Conj/Ice/Air   12%        6-21      22%         5
 Ice Form                 Ice/Tmut       13%        N/A       61%         4
 Summon Cactus Giant      Summ           5%         N/A       100%        6
 Storm Form               Tmut/Air       9%         N/A       100%        7
 Summon Hydra             Summ           5%         N/A       100%        7


Dungeon Overview and Level Annotations

Branches:
Dungeon (11/15)            Temple (1/1) D:4            Lair (0/5) D:8
    Orc (0/2) D:11

Altars:
Ashenzari
Cheibriados
Dithmenos
Fedhas
Gozag
Kikubaaqudgha
Okawaru
Qazlal
Ru
Sif Muna
Trog
Uskayaw
Vehumet
Wu Jian
Xom
Yredelemnul

Shops:
D:5 ?

Annotations:
D:10 1 runed translucent door


Innate Abilities, Weirdness & Mutations

You have large cloven feet.
You are completely covered in molten scales. (AC +4, rF+)
You sometimes gain a little power by taking damage.
You are partially covered in sharp spines.


Message History

Found a potion of attraction.
You regained 2 hp, and now have 34/88 hp.
You now have 22/24 mp.
You start resting.
Magic restored.
You regained 8 hp, and now have 42/88 hp.
MP restored: 24
(D) Dungeon (T) Temple (L) Lair (O) Orcish Mines
Where to? (Enter - D:10 @ (x,y), ? - help)
What level of the Lair of Beasts? (default 1, ? - help)
c - 5 potions of attraction (gained 1)
The centaur warrior shouts!
The centaur warrior wields a +0 longbow.
The centaur warrior shoots an arrow.
The arrow hits you!!
You focus on the pain.
You feel more agile all of a sudden.
The yaktaur shouts!
You take 14 damage, and have 28/88 hp.
You regained 2 hp, and now have 32/88 hp.
Aiming: Sandblast (safe; 1% risk of failure)
Press: ? - help, Q - select action, (/) - cycle Shift-Dir - straight line, f - centaur warrior
Aim: a centaur warrior, wielding a +0 longbow (heavily wounded, 89% to hit)
The blast of sand hits the centaur warrior!
The centaur warrior is severely wounded.
The centaur warrior shoots an arrow.
The arrow hits you!
* * * LOW HITPOINT WARNING * * *
You focus on the pain.
You feel more agile all of a sudden.
The centaur warrior shoots an arrow.
The arrow hits you!
* * * LOW HITPOINT WARNING * * *
You focus on the pain.
You feel more agile all of a sudden.
You take 27 damage, and have 5/88 hp.
MASSIVE DAMAGE!!
You now have 23/24 mp.
Aiming: Sandblast (safe; 1% risk of failure)
Press: ? - help, Q - select action, (/) - cycle Shift-Dir - straight line, f/p - centaur warrior
Aim: a centaur warrior, wielding a +0 longbow (severely wounded, 89% to hit)
The blast of sand hits the centaur warrior.
The centaur warrior is almost dead.
The centaur warrior shoots an arrow.
The arrow hits you!
You die...

[..#..#...c.....+..... . .. #.
#.........#..... ..###...
#..####+###+#### ....... ##..#
#.. ....####..c# #..
..........# #######
.#####.......# ####...#..
.......c###..####..#...#..
#........@#.....#..'...#..
#.........#+##..#..#####'#
#####..####...# #..#......#..
#...#. +...# #..#......#..
#...# #...#..#..#......#..
#...#######......#..#..#...###
#...#.....#......#..#..#......
#...#.....##+##..#..#..#......
#...'.....# ..#..#..#......


You could see a centaur warrior.

Vanquished Creatures
  A hydra (D:9)
  An ogre mage (D:11)
  A catoblepas (D:9)
  A centaur warrior (D:7)
  2 two-headed ogres (D:9)
  A tengu warrior (D:9)
  An ugly thing (D:11)
  2 cyclopes
  A manticore (D:9)
  A gargoyle (D:7)
  2 kobold demonologists
  2 hornets
  2 trolls
  Grinder (D:3)
  2 slime creatures (D:9)
  A wraith (D:9)
  A wyvern (D:10)
  14 yaks
  A basilisk (D:7)
  2 steam dragons
  A vampire mosquito (D:7)
  3 water moccasins
  3 orc warriors
  4 ice beasts
  4 black bears
  2 sky beasts
  6 ogres
  4 centaurs
  2 phantoms
  13 kobold brigands
  5 bullfrogs
  2 scorpions
  A wyvern zombie (D:5)
  4 wights (D:7)
  6 killer bees
  3 howler monkeys
  A centaur zombie (D:5)
  5 orc priests
  7 hounds
  2 jellies
  3 gnoll boudas
  Natasha (thrice) (D:3)
  A sleepcap (D:7)
  5 iguanas
  14 orc wizards
  8 gnolls
  7 adders
  4 shadow imps (D:7)
  4 white imps
  A howler monkey simulacrum (D:9)
  4 ufetubi
  3 worms (D:2)
  The ghost of 123deadman the Sneak, a weakling HuDe (D:5)
  5 dart slugs
  35 orcs
  12 ball pythons
  10 bats
  3 endoplasms
  A giant cockroach (D:1)
  12 goblins
  11 hobgoblins
  3 jackals (D:4)
  20 kobolds
  2 quokkas
  3 frilled lizards
  8 rats
301 creatures vanquished.

Vanquished Creatures (others)
  8 plants (D:7)
8 creatures vanquished.

Grand Total: 309 creatures vanquished

Notes
Turn   | Place    | Note
-------+----------+-------------------------------------------
     0 | D:1      | jasper the Demonspawn Earth Elementalist began the quest
                  | for the Orb.
     0 | D:1      | Reached XP level 1. HP: 13/13 MP: 3/3
   171 | D:1      | Reached skill level 3 in Earth Magic
   270 | D:1      | Gained mutation: You are partially covered in molten
                  | scales. (AC +2) [demonic ancestry]
   270 | D:1      | Reached XP level 2. HP: 19/19 MP: 0/5
   273 | D:1      | Learned a level 2 spell: Passwall
   912 | D:1      | Gained mutation: You are partially covered in sharp spines.
                  | [demonic ancestry]
   912 | D:1      | Reached XP level 3. HP: 24/24 MP: 3/6
   916 | D:1      | Learned a level 3 spell: Stone Arrow
  1390 | D:2      | Reached skill level 4 in Earth Magic
  1791 | D:2      | Reached XP level 4. HP: 30/30 MP: 7/7
  2052 | D:2      | Found a faded altar of an unknown god.
  2549 | D:3      | Reached skill level 5 in Earth Magic
  2701 | D:3      | Gained mutation: You sometimes gain a little power by
                  | taking damage. [demonic ancestry]
  2701 | D:3      | Reached XP level 5. HP: 35/35 MP: 8/8
  2768 | D:3      | Noticed Grinder
  2775 | D:3      | Paralysed by Grinder for 2 turns
  2790 | D:3      | Killed Grinder
  2791 | D:3      | Reached skill level 6 in Earth Magic
  2791 | D:3      | Reached XP level 6. HP: 40/41 MP: 9/9
  2951 | D:3      | Noticed Natasha
  2954 | D:3      | Killed Natasha
  3020 | D:3      | Noticed Natasha
  3031 | D:3      | Killed Natasha
  3032 | D:3      | Reached skill level 7 in Earth Magic
  3303 | D:3      | Noticed Natasha
  3314 | D:3      | Killed Natasha
  3703 | D:4      | Reached XP level 7. HP: 46/46 MP: 10/10
  3942 | D:4      | Learned a level 2 spell: Sublimation of Blood
  4151 | D:4      | Reached skill level 8 in Earth Magic
  4203 | D:4      | Found a staircase to the Ecumenical Temple.
  4467 | Temple   | Entered the Ecumenical Temple
  4502 | Temple   | Became a worshipper of Vehumet
  4548 | D:5      | Entered Level 5 of the Dungeon
  4548 | D:5      | Found a runed translucent gate.
  4548 | D:5      | Found a runed translucent gate.
  4548 | D:5      | Found a runed translucent gate.
  4579 | D:5      | Noticed 123deadman's ghost (weakling HuDe)
  4648 | D:5      | Reached skill level 9 in Earth Magic
  4648 | D:5      | Gained mutation: You are mostly covered in molten scales.
                  | (AC +3) [demonic ancestry]
  4648 | D:5      | Reached XP level 8. HP: 52/52 MP: 11/11
  4730 | D:5      | Found Mynlics's Magic Scroll Shoppe.
  4735 | D:5      | Bought a scroll of fog for 44 gold pieces
  4735 | D:5      | Bought a scroll of identify for 22 gold pieces
  4735 | D:5      | Bought a scroll of identify for 22 gold pieces
  5418 | D:6      | Reached skill level 10 in Earth Magic
  5425 | D:6      | Reached skill level 1 in Fighting
  5425 | D:6      | Reached skill level 1 in Shields
  5425 | D:6      | Reached skill level 1 in Conjurations
  5425 | D:6      | Reached skill level 1 in Necromancy
  5628 | D:6      | Learned a level 1 spell: Apportation
  5745 | D:6      | Found a stormy altar of Qazlal.
  5997 | D:6      | You fall into a shaft and drop 2 floors!
  6005 | D:7      | Gained mutation: You are completely covered in molten
                  | scales. (AC +4, rF+) [demonic ancestry]
  6005 | D:7      | Reached XP level 9. HP: 61/61 MP: 14/14
  6083 | D:7      | Found a blossoming altar of Fedhas.
  6129 | D:7      | Found a shimmering blue altar of Sif Muna.
  6219 | D:6      | Found a shimmering altar of Xom.
  6224 | D:6      | Found an ornate altar of the Wu Jian Council.
  6227 | D:6      | Found an ancient bone altar of Kikubaaqudgha.
  6601 | D:7      | Reached * piety under Vehumet
  6601 | D:7      | Offered knowledge of Foxfire by Vehumet.
  6621 | D:7      | Reached skill level 5 in Spellcasting
  6654 | D:7      | Paralysed by a hornet for 2 turns
  6905 | D:7      | Found a shadowy altar of Dithmenos.
  6928 | D:7      | Reached XP level 10. HP: 71/71 MP: 18/18
  6943 | D:7      | Noticed a centaur warrior
  6948 | D:7      | Killed a centaur warrior
  7125 | D:7      | Offered knowledge of Freeze by Vehumet.
  7160 | D:7      | Reached ** piety under Vehumet
  7276 | D:7      | Got Sif Muna's Elucidation of Transmutation
  7277 | D:7      | Noticed a gargoyle
  7283 | D:7      | Killed a gargoyle
  7284 | D:7      | Reached skill level 5 in Necromancy
  7557 | D:7      | Found a hide-covered altar of Uskayaw.
  7707 | D:7      | Learned a level 3 spell: Swiftness
  7860 | D:8      | Reached skill level 5 in Fighting
  7970 | D:8      | Offered knowledge of Poisonous Vapours by Vehumet.
  8053 | D:8      | Reached skill level 5 in Conjurations
  8106 | D:8      | Found a basalt altar of Yredelemnul.
  8265 | D:8      | Found a staircase to the Lair.
  8708 | D:9      | Reached *** piety under Vehumet
  8755 | D:9      | Noticed a two-headed ogre
  8762 | D:9      | Killed a two-headed ogre
  8780 | D:9      | Reached XP level 11. HP: 71/80 MP: 18/22
  9025 | D:9      | Noticed a two-headed ogre
  9031 | D:9      | Killed a two-headed ogre
  9233 | D:9      | Found a sacrificial altar of Ru.
  9360 | D:9      | Noticed a five-headed hydra
  9366 | D:9      | Killed a five-headed hydra
  9367 | D:9      | Reached skill level 1 in Air Magic
  9565 | D:9      | Noticed a catoblepas
  9575 | D:9      | Killed a catoblepas
  9671 | D:9      | Found the +8 Vampire's Tooth {megavamp}
  9677 | D:9      | Offered knowledge of Dazzling Flash by Vehumet.
  9729 | D:9      | Noticed a tengu warrior
  9736 | D:9      | Killed a tengu warrior
  9871 | D:9      | Reached skill level 1 in Evocations
 10074 | D:10     | Entered Level 10 of the Dungeon
 10332 | D:10     | Found a runed translucent door.
 11111 | D:5      | Killed 123deadman's ghost
 11113 | D:5      | Reached **** piety under Vehumet
 11252 | D:10     | Offered knowledge of Arcjolt by Vehumet.
 11316 | D:10     | Reached skill level 5 in Evocations
 11446 | D:10     | Reached skill level 1 in Armour
 11633 | D:10     | Noticed a fire crab
 11857 | D:11     | Noticed a purple ugly thing
 11862 | D:11     | Killed a purple ugly thing
 11941 | D:11     | Gained mutation: You have large cloven feet. [demonic
                  | ancestry]
 11941 | D:11     | Reached XP level 12. HP: 88/88 MP: 24/24
 11946 | D:11     | Found a staircase to the Orcish Mines.
 11968 | D:11     | Reached ***** piety under Vehumet
 12414 | D:11     | Found the +9 sword of Zonguldrok {reap}
 12416 | D:11     | Noticed a centaur warrior
 12416 | D:11     | Noticed an ogre mage
 12418 | D:11     | Paralysed by an ogre mage for 3 turns
 12422 | D:11     | Killed an ogre mage
 12423 | D:11     | Reached skill level 5 in Armour
 12447 | D:11     | Shot with an arrow by a centaur warrior

Illustrated notes

Levels and vault maps discovered:
D:1:      lemuel_arrival_tunnels, layout_loops_corners, chequers_jeans
D:2:      layout_basic, chequers_ecumenical_altar_simple_redux
D:3:      layout_basic, st_stairs_5, chequers_serial_rivers_large_b,
          minmay_misc_feat_columns, uniq_natasha, uniq_grinder
D:4:      layout_loops_ring, temple_doors_cd
D:5:      layout_basic, gammafunk_ghost_necromancy, serial_shops,
          nicolae_stop_n_shop_2, kennysheep_doodads
D:6:      layout_loops_ring, mainiacjoe_overflow_tiny_flanked,
          minmay_overflow_temple_star_quad, kennysheep_generic_room_15
D:7:      nzn_winding_woodlands_large [nzn_winding_woodlands_5x5_open_star,
          nzn_winding_woodlands_5x15_sidewinder,
          nzn_winding_woodlands_5x5_cross, nzn_winding_woodlands_center_garden,
          nzn_winding_woodlands_15x15_killbox,
          nzn_winding_woodlands_center_lodge,
          nzn_winding_woodlands_5x5_closed_star,
          nzn_winding_woodlands_5x15_cabin, nzn_winding_woodlands_5x5_default],
          layout_rooms, nicolae_sif_muna_condensation,
          grunt_dithmenos_smoke_and_mirrors, mainiacjoe_overflow_paths,
          kennysheep_mini, david_defended_altar_orc
D:8:      layout_layer_cave, lemuel_tele_altar, lair_entry_dummy
D:9:      layout_cave_pools, mainiacjoe_overflow_alcove_2, minmay_evil_grid
D:10:     gammafunk_mikee_crab_dinner, layout_cave_pools, special_room
          [special_room_kobold]
D:11:     layout_grid_maze, david_orc_3, minmay_radiant
Temple:   hellmonk_temple_forest_ring

Skill      XL: |  1  2  3  4  5  6  7  8  9 10 11 12 |
---------------+-------------------------------------+-----
Earth Magic    | 3 4 5 6 7 9 10 | 10.0
Fighting       | 1 3 5 6 |  6.2
Shields        | 1 3 4 |  4.0
Conjurations   | 1 3 5 6 |  6.0
Necromancy     | 2 4 6 |  6.0
Spellcasting   | 3 5 7 8 |  8.4
Dodging        | 2 |  2.9
Air Magic      | 2 |  2.0
Evocations     | 6 |  6.0
Armour         | 4 5 |  5.1
Stealth        | |  1.7
Transmutations | |  0.8

Action                     |  1- 3 |  4- 6 |  7- 9 | 10-12 || total
---------------------------+-------+-------+-------+-------++-------
  Melee: Unarmed           |       |     4 |       |       ||     4
  Throw: Boomerang         |       |     2 |       |     1 ||     3
         Dart              |       |     1 |       |       ||     1
   Cast: Sandblast         |    60 |    62 |   161 |   237 ||   520
         Stone Arrow       |       |       |     2 |    50 ||    52
  Evoke: Wand              |       |       |       |     3 ||     3
         Phantom mirror    |       |       |       |     1 ||     1
    Use: Scroll            |     2 |     3 |    11 |     1 ||    17
         Potion            |       |       |     1 |     1 ||     2
 Armour: Robe              |     2 |     6 |    27 |    48 ||    83
         Skin              |       |     1 |       |       ||     1
         Troll leather arm |       |       |       |    32 ||    32
  Dodge: Dodged            |    10 |     5 |    40 |    96 ||   151
  Block: Buckler           |       |       |    11 |    55 ||    66

Table legend: (Time is in decaauts)
 A = Elapsed time spent in this place.
 B = Non-inter-level travel time spent in this place.
 C = Inter-level travel time spent in this place.
 D = Time resting spent in this place.
 E = Time spent auto-exploring this place.
 F = Levels seen in this place.
 G = Mean time per level.
                   A        B        C        D        E       F      G
               +--------+--------+--------+--------+--------+-----+--------+
         Total |  12783 |  12044 |    739 |    889 |   9380 |  12 | 1065.2 |
       Dungeon |  12732 |  12018 |    714 |    889 |   9361 |  11 | 1157.5 |
        Temple |     50 |     25 |     25 |      0 |     19 |   1 |   50.0 |
               +--------+--------+--------+--------+--------+-----+--------+

Top non-repeatable levels by time:
     D:7: 1636 daAuts
     D:9: 1508 daAuts
     D:1: 1482 daAuts
     D:3: 1266 daAuts
     D:5: 1242 daAuts
     D:2: 1094 daAuts
     D:6: 1035 daAuts
     D:8: 992 daAuts
     D:4: 874 daAuts
    D:10: 855 daAuts
    D:11: 745 daAuts
  Temple: 50 daAuts
